 Dungeon Crawl Stone Soup version 0.29-a0-668-g12ee2bf84d (webtiles) character file.

Game seed: 1974953043275041794

8 DocClef the Shield-Bearer (level 2, -2/29 HPs)
             Began as a Gnoll Fighter on June 23, 2022.
             Killed by nerve-wracking pain
             ... invoked by Jessica
              (13 damage)
             ... on level 2 of the Dungeon.
             The game lasted 00:00:52 (276 turns).

DocClef the Shield-Bearer (Gnoll Fighter)            Turns: 276, Time: 00:00:52

Health: -2/29      AC:  7    Str: 15    XL:     2   Next: 8%
Magic:  2/2        EV:  9    Int:  7    God:
Gold:   67         SH:  5    Dex: 11    Spells: 1/1 levels left

rFire   . . .      SeeInvis .   a - +0 flail
rCold   . . .      Faith    .   c - +0 buckler
rNeg    . . .      Spirit   .   b - +0 scale mail
rPois   .          Reflect  .   (no helmet)
rElec   .          Harm     .   (no cloak)
rCorr   .          Rampage  .   (no gloves)
Will    .....                   (no boots)
Stlth   ..........              (no amulet)
HPRegen 0.09/turn               (no ring)
MPRegen 0.08/turn               (no ring)

@: no status effects
A: fangs 1, strong nose, distributed training
a: no special abilities


You were on level 2 of the Dungeon.
You visited 1 branch of the dungeon, and saw 2 of its levels.

You collected 67 gold pieces.

Inventory:

Hand Weapons
 a - a +0 flail (weapon)
Armour
 b - a +0 scale mail (worn)
 c - a +0 buckler (worn)
Scrolls
 g - a scroll of identify {unknown}
Potions
 d - a potion of might
 e - 3 potions of curing {unknown}
 f - a potion of haste {unknown}
 h - a potion of attraction {unknown}


   Skills:
 + Level 6.4 Fighting
 + Level 0.2 Short Blades
 + Level 0.2 Long Blades
 + Level 0.2 Axes
 + Level 4.4 Maces & Flails
 + Level 0.2 Polearms
 + Level 0.2 Staves
 + Level 0.2 Slings
 + Level 0.2 Bows
 + Level 0.2 Crossbows
 + Level 0.2 Throwing
 + Level 6.4 Armour
 + Level 0.2 Dodging
 + Level 0.2 Stealth
 + Level 6.4 Shields
 + Level 0.2 Unarmed Combat
 + Level 0.2 Spellcasting
 + Level 0.1 Conjurations
 + Level 0.1 Hexes
 + Level 0.1 Summonings
 + Level 0.1 Necromancy
 + Level 0.1 Translocations
 + Level 0.1 Transmutations
 + Level 0.1 Fire Magic
 + Level 0.1 Ice Magic
 + Level 0.1 Air Magic
 + Level 0.1 Earth Magic
 + Level 0.1 Poison Magic
 + Level 0.3 Invocations
 + Level 0.2 Evocations


You had one spell level left.
You didn't know any spells.
Your spell library was empty.

Dungeon Overview and Level Annotations

Branches:
Dungeon (2/15)

Altars:
Ru

Annotations:
D:2 Jessica


Innate Abilities, Weirdness & Mutations

You have very sharp teeth.
Your uncanny sense of smell can sniff out nearby items.
Your experience applies equally to all skills.


Message History

Pain shoots through your body!
You see here a +0 club.
Jessica gestures at you while chanting. Pain shoots through your body!
You sock Jessica!
Jessica is severely wounded.
Jessica mumbles some strange words.
Jessica blinks!
Jessica casts a spell.
Jessica blinks!
You see here a +0 club.
No target in view!
No target in view!
Jessica casts a spell.
Jessica blinks!
Jessica points at you and mumbles some strange words.
Pain shoots through your body!
Jessica drinks a potion.
Jessica is healed!
You barely miss Jessica. You block Jessica's attack.
You barely miss Jessica. Your bite misses Jessica. You block Jessica's attack.
You barely miss Jessica. You block Jessica's attack.
You barely miss Jessica. Jessica barely misses you. You block Jessica's attack.
You barely miss Jessica.
Jessica casts a spell.
Jessica seems to speed up.
You barely miss Jessica. You block Jessica's attack.
You closely miss Jessica.
Jessica mumbles some strange words.
Jessica blinks!
Jessica completely misses you. Jessica gestures at you while chanting.
You barely resist. Jessica attacks as you move away! Jessica barely misses you.
You hit Jessica but do no damage. Jessica hits you but does no damage.
Jessica mumbles some strange words.
Jessica blinks!
You closely miss Jessica. Jessica gestures at you while chanting.
Pain shoots through your body!
You die...

####.## #.# #.. ### #.#
#.. ..# #.# #.. #.# ..#
#.# #.# ############.#
#.# #.....)...#.# #.#
#.#######.#.######.###.#
#........@@..........#
#.#.......#.######.#####
#.#...._....##...#.#
#.#.#.......#.###..#
#.#.#.....#...# #..#
#.#.##........# #.... ∆
##
#.#.##.##.####...#####
.####.#.##.##.# ####
...........##.#


You could see Jessica (fast).

Vanquished Creatures
  A dart slug (D:1)
  A goblin (D:2)
  A hobgoblin (D:2)
  A quokka (D:1)
  2 rats
6 creatures vanquished.

Notes
Turn   | Place    | Note
-------+----------+-------------------------------------------
     0 | D:1      | DocClef the Gnoll Fighter began the quest for the Orb.
     0 | D:1      | Reached XP level 1. HP: 23/23 MP: 1/1
   213 | D:2      | Found a sacrificial altar of Ru.
   237 | D:2      | Reached XP level 2. HP: 29/29 MP: 2/2
   253 | D:2      | Noticed Jessica
   276 | D:2      | Killed from afar by Jessica

Illustrated notes

Levels and vault maps discovered:
D:1:      lemuel_arrival_cross, layout_basic, nicolae_ecumenical_lake_church
D:2:      layout_loops_ring, basic_altar, uniq_jessica

Action                   || total
-------------------------++-------
Melee: Flail             ||    20
  Use: Scroll            ||     4
Armor: Scale mail        ||     9
Dodge: Dodged            ||    17
Block: Buckler           ||    13

Table legend: (Time is in decaauts)
 A = Elapsed time spent in this place.
 B = Non-inter-level travel time spent in this place.
 C = Inter-level travel time spent in this place.
 D = Time resting spent in this place.
 E = Time spent auto-exploring this place.
 F = Levels seen in this place.
 G = Mean time per level.
                   A        B        C        D        E       F      G
               +--------+--------+--------+--------+--------+-----+--------+
         Total |    279 |    279 |      0 |      0 |    183 |   2 |  139.5 |
       Dungeon |    279 |    279 |      0 |      0 |    183 |   2 |  139.5 |
               +--------+--------+--------+--------+--------+-----+--------+

Top non-repeatable levels by time:
     D:2: 140 daAuts
     D:1: 139 daAuts
